Sewer Rats vs Carnivores
Created - January 18, 2021 at 20:07
Goals
|
| Sewer Rats |
2 |
1 |
0 |
3 |
| Carnivores |
3 |
0 |
2 |
5 |
|
Shots
|
| Sewer Rats |
13 |
9 |
8 |
30 |
| Carnivores |
16 |
11 |
8 |
35 |
|
1st period
1. Sewer Rats , Jonathan Marchessault 15 (Erik Condra 21) at 0:20
2. Carnivores , Joel Armia 12 (Scott Laughton 39, Niklas Svedberg) at 1:56 (PP)
3. Sewer Rats , Erik Condra 21 (Mark Mancari 22, Connor Carrick 6) at 14:53
4. Carnivores , Joel Armia 13 (Scott Laughton 40) at 17:34
5. Carnivores , Hunter Shinkaruk 7 (Lucas Wallmark 10) at 19:13
Penalties :
Jonathan Racine (Tol) for Hooking (Minor) at 1:46, Drake Caggiula (Tol) for Interference (Minor) at 5:53
2nd period
6. Sewer Rats , Mark Mancari 25 (Jarred Tinordi 19, Darcy Kuemper) at 1:42 (PP)
Penalties :
Markus Granlund (Bre) for High sticking (Minor) at 0:46, Mark Mancari (Tol) for Holding (Minor) at 2:07, Drake Caggiula (Tol) for Tripping (Minor) at 10:04
3rd period
7. Carnivores , Markus Granlund 15 (Mark McNeill 17, Blake Geoffrion 27) at 9:01
8. Carnivores , Lucas Wallmark 3 (Brett Connolly 5, Hunter Shinkaruk 12) at 15:09
Penalties :
No Penalty
Goalie Stats
Darcy Kuemper (Tol), 30 saves from 35 shots - (0.857), L, 5-6-1, 60:00 minutes
Niklas Svedberg (Bre), 27 saves from 30 shots - (0.900), W, 16-3-1, 60:00 minutes
Players Stats for Sewer Rats
Player Name G A P +/- PIM S H SB GA TA FO MP PP MP PK MP
------------------------------------------------------------------------------------
Anthony Duclair 0 0 0 0 0 1 2 0 0 0 0/1 13:59 0:00 0:00
Connor Carrick 0 1 1 1 0 0 0 1 0 0 0/0 10:41 0:00 0:00
Daniel Carr 0 0 0 -2 0 4 2 0 0 0 0/2 24:47 0:56 3:30
Dmitrij Jaskin 0 0 0 0 0 0 1 0 0 0 0/0 14:31 0:00 0:00
Drake Caggiula 0 0 0 0 4 2 2 0 0 0 1/5 15:45 0:00 0:44
Erik Condra 1 1 2 0 0 4 1 1 0 0 0/0 17:06 0:00 0:00
Jared McCann 0 0 0 0 0 0 0 0 0 0 0/1 1:30 0:00 0:00
Jarred Tinordi 0 1 1 -2 0 2 3 1 3 3 0/0 25:28 0:56 3:52
Joel Edmundson 0 0 0 -2 0 2 1 1 0 0 0/0 25:28 0:56 3:52
John Ramage 0 0 0 -1 0 3 1 2 0 0 0/0 18:17 0:00 2:15
Jonathan Marchessault 1 0 1 0 0 2 3 1 0 0 10/19 19:34 0:00 1:54
Jonathan Racine 0 0 0 0 2 0 1 0 0 0 0/0 5:33 0:00 0:00
Joseph Blandisi 0 0 0 0 0 3 0 2 0 1 0/0 18:04 0:00 0:43
Mark Mancari 1 1 2 -2 2 1 2 0 0 0 1/1 18:59 0:56 1:10
Ryan Murphy 0 0 0 -1 0 2 0 1 0 1 0/0 18:17 0:00 2:15
Thomas Chabot 0 0 0 1 0 0 0 0 0 1 0/0 10:41 0:00 0:00
Vincent Trocheck 0 0 0 -2 0 4 1 1 0 1 9/26 24:47 0:56 3:30
Xavier Ouellet 0 0 0 0 0 0 0 1 0 0 0/0 5:34 0:00 0:00
Zach Aston-Reese 0 0 0 0 0 0 1 0 0 0 4/4 4:48 0:00 0:43
Players Stats for Carnivores
Player Name G A P +/- PIM S H SB GA TA FO MP PP MP PK MP
------------------------------------------------------------------------------------
Andreas Englund 0 0 0 2 0 0 0 1 0 0 0/0 12:08 0:00 0:31
Anton Gustafsson 0 0 0 0 0 2 2 0 0 0 5/5 12:33 0:00 0:42
Blake Geoffrion 0 1 1 -1 0 4 1 1 2 0 1/3 17:51 2:31 0:00
Brett Connolly 0 1 1 2 0 0 1 0 0 0 0/0 9:19 0:00 0:00
Carl Dahlstrom 0 0 0 0 0 0 0 0 0 0 0/0 5:42 0:00 0:00
Chris Lawrence 0 0 0 0 0 0 2 1 0 0 0/0 11:51 0:00 0:00
Hunter Shinkaruk 1 1 2 2 0 3 0 0 0 0 0/0 9:19 0:00 0:00
Joel Armia 2 0 2 1 0 6 2 0 1 1 0/0 19:47 3:36 0:00
Josh Morrissey 0 0 0 1 0 2 0 0 1 0 0/0 24:44 3:47 0:25
Lucas Wallmark 1 1 2 2 0 1 0 1 0 1 6/10 9:19 0:00 0:00
Mark McNeill 0 1 1 -1 0 3 1 0 0 0 1/1 18:07 2:31 0:00
Markus Granlund 1 0 1 -1 2 8 2 0 1 0 5/10 18:06 2:31 0:00
Mat Clark 0 0 0 -1 0 2 1 0 0 0 0/0 17:51 2:20 0:25
Mattias Backman 0 0 0 2 0 0 0 1 0 0 0/0 11:37 0:00 0:00
Nicolas Deslauriers 0 0 0 0 0 0 0 0 0 1 1/2 12:05 0:00 0:14
Nicolas Kerdiles 0 0 0 1 0 1 3 0 1 0 1/1 20:29 3:36 0:42
Riley Barber 0 0 0 0 0 0 0 0 0 0 0/0 0:31 0:00 0:14
Scott Laughton 0 2 2 1 0 1 0 0 1 0 14/27 19:46 3:36 0:00
T.J Brodie 0 0 0 1 0 0 1 2 0 0 0/0 24:50 3:47 0:31
Travis Dermott 0 0 0 -1 0 2 0 1 0 0 0/0 17:26 2:20 0:00
Trevor Van Riemsdyk 0 0 0 0 0 0 0 0 0 0 0/0 5:42 0:00 0:00
3 Stars
1 - Joel Armia (Bre)
2 - Lucas Wallmark (Bre)
3 - Hunter Shinkaruk (Bre)
Power Play
Sewer Rats - 1 on 1 Attempt(s) - 100.00%
Carnivores - 1 on 4 Attempt(s) - 25.00%
Penalty Kill
Sewer Rats - 3 on 4 Attempt(s) - 75.00%
- Score 0 goal in Penalty Kill
Carnivores - 0 on 1 Attempt(s) - 0.00%
- Score 0 goal in Penalty Kill
Team Stat
Sewer Rats - Hits : 21 - Faceoff Wins : 25 - Blocked Shots : 12 - Penalty Minutes : 8
Carnivores - Hits : 16 - Faceoff Wins : 34 - Blocked Shots : 8 - Penalty Minutes : 2
Official
Referees : Unknown
Linesman : Unknown
Game Notes
No Game Note
Finance
Level 1 -- Attendance: 1275 (63.75%) -- Ticket Income $51,000
Level 2 -- Attendance: 682 (68.20%) -- Ticket Income $13,640
Total Attendance: 1957 (65.23%)
Total Ticket Income: $64,640
Other Income: $3,232
Total Income: $67,872
Sewer Rats
5 vs 5 Forward
Center Left Wing Right Wing Time % Phy DF OF
1 Vincent Trocheck Daniel Carr Mark Mancari 40 1 2 2
2 Jonathan Marchessault Joseph Blandisi Erik Condra 30 1 2 2
3 Drake Caggiula Anthony Duclair Dmitrij Jaskin 20 1 2 2
4 Zach Aston-Reese Vincent Trocheck Daniel Carr 10 1 2 2
5 vs 5 Defense
Defense Defense Time % Phy DF OF
1 Joel Edmundson Jarred Tinordi 40 1 2 2
2 John Ramage Ryan Murphy 30 1 2 2
3 Connor Carrick Thomas Chabot 20 1 2 2
4 Xavier Ouellet Jonathan Racine 10 1 2 2
PowerPlay Forward
Center Left Wing Right Wing Time % Phy DF OF
1 Vincent Trocheck Daniel Carr Mark Mancari 60 1 2 2
2 Jonathan Marchessault Joseph Blandisi Dmitrij Jaskin 40 1 2 2
PowerPlay Defense
Defense Defense Time % Phy DF OF
1 Joel Edmundson Jarred Tinordi 60 1 2 2
2 John Ramage Ryan Murphy 40 1 2 2
Penalty Kill 4 Players Forward
Center Wing Time % Phy DF OF
1 Vincent Trocheck Daniel Carr 60 1 2 2
2 Mark Mancari Jonathan Marchessault 40 1 2 2
Penalty Kill 4 Players Defense
Defense Defense Time % Phy DF OF
1 Joel Edmundson Jarred Tinordi 60 1 2 2
2 John Ramage Ryan Murphy 40 1 2 2
Penalty Kill - 3 Players Forward
Forward Time % Phy DF OF
1 Vincent Trocheck 60 1 2 2
2 Daniel Carr 40 1 2 2
Penalty Kill - 3 Players Defense
Defense Defense Time % Phy DF OF
1 Joel Edmundson Jarred Tinordi 60 1 2 2
2 John Ramage Ryan Murphy 40 1 2 2
4 vs 4 Forward
Center Wing Time % Phy DF OF
1 Vincent Trocheck Daniel Carr 60 1 2 2
2 Mark Mancari Jonathan Marchessault 40 1 2 2
4 vs 4 Defense
Defense Defense Time % Phy DF OF
1 Joel Edmundson Jarred Tinordi 60 1 2 2
2 John Ramage Ryan Murphy 40 1 2 2
Last Minutes Offensive
Center Left Wing Right Wing Defense Defense
Vincent Trocheck Daniel Carr Mark Mancari Joel Edmundson Jarred Tinordi
Last Minutes Defensive
Center Left Wing Right Wing Defense Defense
Vincent Trocheck Daniel Carr Mark Mancari Joel Edmundson Jarred Tinordi
Goaltenders
Starting : Darcy Kuemper
Backup : Marek Mazanek
Extra Forwards
Normal : Jared McCann, Jonathan Marchessault, Drake Caggiula - PP : Jared McCann, Jonathan Marchessault - PK : Drake Caggiula
Extra Defensemen
Normal : Connor Carrick, Thomas Chabot, Xavier Ouellet - PP : Connor Carrick - PK : Thomas Chabot, Xavier Ouellet
Penalty Shots
Vincent Trocheck, Daniel Carr, Mark Mancari, Jonathan Marchessault, Dmitrij Jaskin
Scratches
Dominik Kubalik (Healthy), Josh Archibald (Healthy), Tyler Motte (Healthy), Chris Calhan (Healthy), Mark Friedman (Healthy)
Michael Dal Colle (Healthy), Matteson Iacopelli (Healthy), Adin Hill (Healthy), Antoine Bibeau (Healthy)
Carnivores
5 vs 5 Forward
Center Left Wing Right Wing Time % Phy DF OF
1 Scott Laughton Nicolas Kerdiles Joel Armia 40 1 2 2
2 Markus Granlund Blake Geoffrion Mark McNeill 30 1 2 2
3 Anton Gustafsson Nicolas Deslauriers Chris Lawrence 20 1 2 2
4 Lucas Wallmark Hunter Shinkaruk Brett Connolly 10 1 2 2
5 vs 5 Defense
Defense Defense Time % Phy DF OF
1 T.J Brodie Josh Morrissey 40 1 2 2
2 Mat Clark Travis Dermott 30 1 2 2
3 Andreas Englund Mattias Backman 20 1 2 2
4 Carl Dahlstrom Trevor Van Riemsdyk 10 1 2 2
PowerPlay Forward
Center Left Wing Right Wing Time % Phy DF OF
1 Scott Laughton Nicolas Kerdiles Joel Armia 60 1 1 3
2 Markus Granlund Blake Geoffrion Mark McNeill 40 1 1 3
PowerPlay Defense
Defense Defense Time % Phy DF OF
1 T.J Brodie Josh Morrissey 60 1 1 3
2 Mat Clark Travis Dermott 40 1 1 3
Penalty Kill 4 Players Forward
Center Wing Time % Phy DF OF
1 Anton Gustafsson Nicolas Kerdiles 60 1 2 2
2 Markus Granlund Nicolas Deslauriers 40 1 2 2
Penalty Kill 4 Players Defense
Defense Defense Time % Phy DF OF
1 Mat Clark Josh Morrissey 60 1 3 1
2 Andreas Englund T.J Brodie 40 1 3 1
Penalty Kill - 3 Players Forward
Forward Time % Phy DF OF
1 Anton Gustafsson 60 1 3 1
2 Mark McNeill 40 1 3 1
Penalty Kill - 3 Players Defense
Defense Defense Time % Phy DF OF
1 Mat Clark Josh Morrissey 60 1 3 1
2 Andreas Englund T.J Brodie 40 1 3 1
4 vs 4 Forward
Center Wing Time % Phy DF OF
1 Scott Laughton Nicolas Kerdiles 60 1 2 2
2 Markus Granlund Blake Geoffrion 40 1 2 2
4 vs 4 Defense
Defense Defense Time % Phy DF OF
1 Mat Clark Josh Morrissey 60 1 2 2
2 T.J Brodie Travis Dermott 40 1 2 2
Last Minutes Offensive
Center Left Wing Right Wing Defense Defense
Scott Laughton Nicolas Kerdiles Joel Armia Mat Clark Josh Morrissey
Last Minutes Defensive
Center Left Wing Right Wing Defense Defense
Markus Granlund Nicolas Kerdiles Mark McNeill Mat Clark Josh Morrissey
Goaltenders
Starting : Niklas Svedberg
Backup : Tristan Jarry
Extra Forwards
Normal : Riley Barber, Markus Granlund, Mark McNeill - PP : Riley Barber, Hunter Shinkaruk - PK : Riley Barber
Extra Defensemen
Normal : Mattias Backman, Andreas Englund, Trevor Van Riemsdyk - PP : Mattias Backman - PK : Mattias Backman, Carl Dahlstrom
Penalty Shots
Blake Geoffrion, Anton Gustafsson, Markus Granlund, Scott Laughton, Joel Armia
Scratches
Ryan Olsen (Healthy), Freddie Hamilton (Healthy), Adam Almquist (Healthy), Sergei Zborovskiy (Healthy), Filip Chlapik (Healthy)
Stanislav Galiev (Healthy), Mark MacMillan (Healthy), Troy Bourke (Healthy), Alexandre Mallet (Healthy), Christian Djoos (Back Spasms Injury)
Josh Wesley (Healthy), Linus Ullmark (Healthy), Felix Sanstrom (Healthy)
% Time on Ice - Sewer Rats
Lines # - Real PCT - Wanted PCT - Time Play
Normal Forward
1 - 33% - 40% - 17:28
2 - 33% - 30% - 17:31
3 - 26% - 20% - 13:59
4 - 8% - 10% - 3:59
Normal Defense
1 - 39% - 40% - 20:40
2 - 30% - 30% - 16:02
3 - 20% - 20% - 10:41
4 - 11% - 10% - 5:34
PP Forward
1 - 100% - 60% - 0:56
2 - 0% - 40% - 0:00
PP Defense
1 - 100% - 60% - 0:56
2 - 0% - 40% - 0:00
PK Forward
1 - 69% - 60% - 4:13
2 - 31% - 40% - 1:54
PK Defense
1 - 63% - 60% - 3:52
2 - 37% - 40% - 2:15
PK3 Forward
1 - 0% - 60%
2 - 0% - 40%
PK3 Defense
1 - 0% - 60%
2 - 0% - 40%
44 Forward
1 - 0% - 60%
2 - 0% - 40%
44 Defense
1 - 0% - 60%
2 - 0% - 40%
Last Minute Offensive - 0:00
Last Minute Defensive - 0:00
Total
Forward - 60:00
Defense - 60:00
|
% Time on Ice - Carnivores
Lines # - Real PCT - Wanted PCT - Time Play
Normal Forward
1 - 31% - 40% - 16:27
2 - 29% - 30% - 15:20
3 - 22% - 20% - 11:51
4 - 18% - 10% - 9:19
Normal Defense
1 - 39% - 40% - 20:32
2 - 29% - 30% - 15:06
3 - 22% - 20% - 11:37
4 - 11% - 10% - 5:42
PP Forward
1 - 59% - 60% - 3:36
2 - 41% - 40% - 2:31
PP Defense
1 - 62% - 60% - 3:47
2 - 38% - 40% - 2:20
PK Forward
1 - 75% - 60% - 0:42
2 - 25% - 40% - 0:14
PK Defense
1 - 45% - 60% - 0:25
2 - 55% - 40% - 0:31
PK3 Forward
1 - 0% - 60%
2 - 0% - 40%
PK3 Defense
1 - 0% - 60%
2 - 0% - 40%
44 Forward
1 - 0% - 60%
2 - 0% - 40%
44 Defense
1 - 0% - 60%
2 - 0% - 40%
Last Minute Offensive - 0:00
Last Minute Defensive - 0:00
Total
Forward - 60:00
Defense - 60:00
|
Play-by-Play
1st period
0:01 of 1st period - Vincent Trocheck wins face-off versus Scott Laughton in neutral zone.
0:10 of 1st period - Wrist shot by Daniel Carr.
0:10 of 1st period - Stopped by Niklas Svedberg with a rebound.
0:14 of 1st period - Slapshot by Vincent Trocheck.
0:14 of 1st period - Stopped by Niklas Svedberg with a rebound.
0:16 of 1st period - Slapshot by Vincent Trocheck.
0:16 of 1st period - Stopped by Niklas Svedberg without a rebound.
0:17 of 1st period - Jonathan Marchessault wins face-off versus Markus Granlund in Carnivores zone.
0:20 of 1st period - Wrist shot by Jonathan Marchessault.
0:20 of 1st period - Goal by Jonathan Marchessault - Sewer Rats : 1 - Carnivores : 0.
0:21 of 1st period - Anton Gustafsson wins face-off versus Drake Caggiula in neutral zone.
0:24 of 1st period - Connor Carrick is hit by Anton Gustafsson and loses puck.
0:29 of 1st period - Snap shot by Anton Gustafsson.
0:29 of 1st period - Shot Misses the Net.
0:31 of 1st period - Slapshot by Nicolas Deslauriers.
0:31 of 1st period - Shot Misses the Net.
0:46 of 1st period - Thomas Chabot is hit by Brett Connolly and loses puck.
0:55 of 1st period - Slapshot by Ryan Murphy.
0:55 of 1st period - Shot Blocked by Lucas Wallmark.
1:18 of 1st period - Wrist shot by Jonathan Marchessault.
1:18 of 1st period - Shot Blocked by Travis Dermott.
1:34 of 1st period - Slapshot by Vincent Trocheck.
1:34 of 1st period - Shot Misses the Net.
1:46 of 1st period - Minor Penalty to Jonathan Racine for Hooking.
1:47 of 1st period - Vincent Trocheck wins face-off versus Scott Laughton in Sewer Rats zone.
1:56 of 1st period - Wrist shot by Joel Armia.
1:56 of 1st period - Goal by Joel Armia - Sewer Rats : 1 - Carnivores : 1.
1:57 of 1st period - Zach Aston-Reese wins face-off versus Scott Laughton in neutral zone.
2:00 of 1st period - Nicolas Kerdiles is hit by John Ramage and loses puck.
2:29 of 1st period - Wrist shot by Joseph Blandisi.
2:29 of 1st period - Deflect By Erik Condra.
2:29 of 1st period - Stopped by Niklas Svedberg with a rebound.
2:31 of 1st period - Slapshot by Erik Condra.
2:31 of 1st period - Stopped by Niklas Svedberg without a rebound.
2:32 of 1st period - Vincent Trocheck wins face-off versus Markus Granlund in Carnivores zone.
2:47 of 1st period - Slapshot by Blake Geoffrion.
2:47 of 1st period - Stopped by Darcy Kuemper with a rebound.
3:06 of 1st period - Off-side.
3:07 of 1st period - Jonathan Marchessault wins face-off versus Nicolas Deslauriers in neutral zone.
3:09 of 1st period - Off-side.
3:10 of 1st period - Anton Gustafsson wins face-off versus Jonathan Marchessault in neutral zone.
3:25 of 1st period - Snap shot by Chris Lawrence.
3:25 of 1st period - Shot Blocked by John Ramage.
3:41 of 1st period - Wrist shot by Blake Geoffrion.
3:41 of 1st period - Shot Blocked by John Ramage.
4:07 of 1st period - Snap shot by Dmitrij Jaskin.
4:07 of 1st period - Shot Hit the Post.
4:09 of 1st period - Slapshot by Ryan Murphy.
4:09 of 1st period - Stopped by Niklas Svedberg with a rebound.
4:16 of 1st period - Icing by Mat Clark.
4:17 of 1st period - Jonathan Marchessault wins face-off versus Lucas Wallmark in Carnivores zone.
5:01 of 1st period - Off-side.
5:02 of 1st period - Markus Granlund wins face-off versus Drake Caggiula in neutral zone.
5:53 of 1st period - Minor Penalty to Drake Caggiula for Interference.
5:54 of 1st period - Nicolas Kerdiles wins face-off versus Vincent Trocheck in Sewer Rats zone.
6:07 of 1st period - Wrist shot by Scott Laughton.
6:07 of 1st period - Stopped by Darcy Kuemper without a rebound.
6:08 of 1st period - Scott Laughton wins face-off versus Vincent Trocheck in Sewer Rats zone.
6:40 of 1st period - Mark McNeill is hit by Joel Edmundson and loses puck.
7:39 of 1st period - Josh Morrissey is hit by Zach Aston-Reese and loses puck.
7:53 of 1st period - Penalty to Drake Caggiula is over, Drake Caggiula is back on ice.
8:35 of 1st period - Slapshot by Hunter Shinkaruk.
8:35 of 1st period - Deflect By Jonathan Marchessault.
8:35 of 1st period - Stopped by Darcy Kuemper without a rebound.
8:36 of 1st period - Anton Gustafsson wins face-off versus Vincent Trocheck in Sewer Rats zone.
9:20 of 1st period - Wrist shot by Joel Armia.
9:20 of 1st period - Stopped by Darcy Kuemper with a rebound.
9:30 of 1st period - Markus Granlund is hit by Anthony Duclair and loses puck.
9:51 of 1st period - Snap shot by Daniel Carr.
9:51 of 1st period - Shot Misses the Net.
9:53 of 1st period - Slapshot by Ryan Murphy.
9:53 of 1st period - Stopped by Niklas Svedberg without a rebound.
9:54 of 1st period - Zach Aston-Reese wins face-off versus Scott Laughton in Carnivores zone.
10:28 of 1st period - Snap shot by Blake Geoffrion.
10:28 of 1st period - Stopped by Darcy Kuemper with a rebound.
10:46 of 1st period - Slapshot by Jonathan Marchessault.
10:46 of 1st period - Shot Blocked by Chris Lawrence.
10:48 of 1st period - Slapshot by Jonathan Marchessault.
10:48 of 1st period - Shot Blocked by Andreas Englund.
11:24 of 1st period - Slapshot by Josh Morrissey.
11:24 of 1st period - Stopped by Darcy Kuemper without a rebound.
11:25 of 1st period - Drake Caggiula wins face-off versus Markus Granlund in Sewer Rats zone.
11:35 of 1st period - Snap shot by Blake Geoffrion.
11:35 of 1st period - Shot Misses the Net.
11:47 of 1st period - Slapshot by Drake Caggiula.
11:47 of 1st period - Stopped by Niklas Svedberg with a rebound.
11:56 of 1st period - Slapshot by Drake Caggiula.
11:56 of 1st period - Deflect By Dmitrij Jaskin.
11:56 of 1st period - Shot Misses the Net.
11:56 of 1st period - Puck is out of play.
11:57 of 1st period - Vincent Trocheck wins face-off versus Scott Laughton in Carnivores zone.
12:00 of 1st period - Snap shot by Daniel Carr.
12:00 of 1st period - Stopped by Niklas Svedberg without a rebound.
12:01 of 1st period - Vincent Trocheck wins face-off versus Scott Laughton in Carnivores zone.
12:25 of 1st period - Icing by Joel Armia.
12:26 of 1st period - Markus Granlund wins face-off versus Jonathan Marchessault in Carnivores zone.
12:33 of 1st period - Snap shot by Markus Granlund.
12:33 of 1st period - Stopped by Darcy Kuemper with a rebound.
12:51 of 1st period - Nicolas Kerdiles is hit by Vincent Trocheck and loses puck.
13:22 of 1st period - Wrist shot by Nicolas Deslauriers.
13:22 of 1st period - Shot Hit the Post.
13:34 of 1st period - Slapshot by Daniel Carr.
13:34 of 1st period - Stopped by Niklas Svedberg with a rebound.
13:38 of 1st period - Wrist shot by Vincent Trocheck.
13:38 of 1st period - Stopped by Niklas Svedberg with a rebound.
14:43 of 1st period - Wrist shot by Hunter Shinkaruk.
14:43 of 1st period - Stopped by Darcy Kuemper with a rebound.
14:53 of 1st period - Snap shot by Erik Condra.
14:53 of 1st period - Goal by Erik Condra - Sewer Rats : 2 - Carnivores : 1.
14:54 of 1st period - Scott Laughton wins face-off versus Vincent Trocheck in neutral zone.
15:05 of 1st period - Snap shot by Scott Laughton.
15:05 of 1st period - Shot Blocked by Joel Edmundson.
15:19 of 1st period - Joel Edmundson is hit by Markus Granlund and loses puck.
16:01 of 1st period - Off-side.
16:02 of 1st period - Zach Aston-Reese wins face-off versus Lucas Wallmark in neutral zone.
16:05 of 1st period - Snap shot by Joel Edmundson.
16:05 of 1st period - Shot Misses the Net.
16:15 of 1st period - Snap shot by Hunter Shinkaruk.
16:15 of 1st period - Deflect By Brett Connolly.
16:15 of 1st period - Shot Misses the Net.
16:15 of 1st period - Puck is out of play.
16:16 of 1st period - Jonathan Marchessault wins face-off versus Scott Laughton in Sewer Rats zone.
16:16 of 1st period - Jonathan Marchessault is hit by Joel Armia.
16:41 of 1st period - Daniel Carr is hit by Blake Geoffrion and loses puck.
16:54 of 1st period - Snap shot by Blake Geoffrion.
16:54 of 1st period - Stopped by Darcy Kuemper with a rebound.
17:24 of 1st period - Snap shot by Scott Laughton.
17:24 of 1st period - Deflect By Nicolas Kerdiles.
17:24 of 1st period - Stopped by Darcy Kuemper without a rebound.
17:25 of 1st period - Scott Laughton wins face-off versus Vincent Trocheck in Sewer Rats zone.
17:28 of 1st period - Backhand shot by Scott Laughton.
17:28 of 1st period - Shot Misses the Net.
17:30 of 1st period - Wrist shot by Joel Armia.
17:30 of 1st period - Stopped by Darcy Kuemper with a rebound.
17:32 of 1st period - Wrist shot by Joel Armia.
17:32 of 1st period - Stopped by Darcy Kuemper with a rebound.
17:34 of 1st period - Snap shot by Joel Armia.
17:34 of 1st period - Goal by Joel Armia - Sewer Rats : 2 - Carnivores : 2.
17:35 of 1st period - Scott Laughton wins face-off versus Vincent Trocheck in neutral zone.
18:00 of 1st period - T.J Brodie is hit by Jonathan Marchessault and loses puck.
19:03 of 1st period - Slapshot by Joel Armia.
19:03 of 1st period - Deflect By Brett Connolly.
19:03 of 1st period - Shot Misses the Net.
19:03 of 1st period - Puck is out of play.
19:04 of 1st period - Lucas Wallmark wins face-off versus Jonathan Marchessault in Sewer Rats zone.
19:05 of 1st period - Slapshot by Hunter Shinkaruk.
19:05 of 1st period - Shot Misses the Net.
19:07 of 1st period - Slapshot by Lucas Wallmark.
19:07 of 1st period - Shot Misses the Net.
19:09 of 1st period - Snap shot by Hunter Shinkaruk.
19:09 of 1st period - Deflect By Brett Connolly.
19:09 of 1st period - Shot Blocked by Jonathan Marchessault.
19:09 of 1st period - Puck is out of play.
19:10 of 1st period - Lucas Wallmark wins face-off versus Vincent Trocheck in Sewer Rats zone.
19:13 of 1st period - Wrist shot by Hunter Shinkaruk.
19:13 of 1st period - Goal by Hunter Shinkaruk - Sewer Rats : 2 - Carnivores : 3.
19:14 of 1st period - Scott Laughton wins face-off versus Vincent Trocheck in neutral zone.
19:17 of 1st period - Joel Edmundson is hit by Nicolas Kerdiles and loses puck.
19:44 of 1st period - Slapshot by Markus Granlund.
19:44 of 1st period - Shot Blocked by Joseph Blandisi.
19:46 of 1st period - Snap shot by Markus Granlund.
19:46 of 1st period - Stopped by Darcy Kuemper without a rebound.
19:47 of 1st period - Jonathan Marchessault wins face-off versus Markus Granlund in Sewer Rats zone.
Goals for this period are 2 for Sewer Rats vs 3 for Carnivores.
Shots for this period are 13 for Sewer Rats vs 16 for Carnivores.
2nd period
0:01 of 2nd period - Scott Laughton wins face-off versus Vincent Trocheck in neutral zone.
0:46 of 2nd period - Minor Penalty to Markus Granlund for High sticking.
0:47 of 2nd period - Anton Gustafsson wins face-off versus Daniel Carr in Carnivores zone.
0:47 of 2nd period - Anton Gustafsson is hit by Mark Mancari.
1:26 of 2nd period - Slapshot by Jarred Tinordi.
1:26 of 2nd period - Stopped by Niklas Svedberg with a rebound.
1:42 of 2nd period - Snap shot by Mark Mancari.
1:42 of 2nd period - Goal by Mark Mancari - Sewer Rats : 3 - Carnivores : 3.
1:43 of 2nd period - Markus Granlund wins face-off versus Jonathan Marchessault in neutral zone.
1:48 of 2nd period - Wrist shot by Mark McNeill.
1:48 of 2nd period - Stopped by Darcy Kuemper without a rebound.
1:49 of 2nd period - Jonathan Marchessault wins face-off versus Markus Granlund in Sewer Rats zone.
1:56 of 2nd period - Snap shot by Markus Granlund.
1:56 of 2nd period - Stopped by Darcy Kuemper with a rebound.
1:58 of 2nd period - Wrist shot by Mark McNeill.
1:58 of 2nd period - Stopped by Darcy Kuemper with a rebound.
2:00 of 2nd period - Snap shot by T.J Brodie.
2:00 of 2nd period - Shot Misses the Net.
2:04 of 2nd period - Snap shot by Blake Geoffrion.
2:04 of 2nd period - Deflect By Markus Granlund.
2:04 of 2nd period - Shot Misses the Net.
2:04 of 2nd period - Puck is out of play.
2:05 of 2nd period - Mark Mancari wins face-off versus Scott Laughton in Sewer Rats zone.
2:07 of 2nd period - Minor Penalty to Mark Mancari for Holding.
2:08 of 2nd period - Scott Laughton wins face-off versus Vincent Trocheck in Sewer Rats zone.
2:18 of 2nd period - Snap shot by Joel Armia.
2:18 of 2nd period - Stopped by Darcy Kuemper without a rebound.
2:19 of 2nd period - Scott Laughton wins face-off versus Vincent Trocheck in Sewer Rats zone.
3:47 of 2nd period - Icing by Nicolas Kerdiles.
3:48 of 2nd period - Jonathan Marchessault wins face-off versus Blake Geoffrion in Carnivores zone.
4:07 of 2nd period - Penalty to Mark Mancari is over, Mark Mancari is back on ice.
4:07 of 2nd period - Scott Laughton is hit by Daniel Carr and loses puck.
4:30 of 2nd period - Erik Condra is hit by Chris Lawrence and loses puck.
4:47 of 2nd period - Brett Connolly is hit by Dmitrij Jaskin and loses puck.
7:54 of 2nd period - Snap shot by Blake Geoffrion.
7:54 of 2nd period - Deflect By Mark McNeill.
7:54 of 2nd period - Stopped by Darcy Kuemper without a rebound.
7:55 of 2nd period - Scott Laughton wins face-off versus Drake Caggiula in Sewer Rats zone.
8:04 of 2nd period - Slapshot by Nicolas Kerdiles.
8:04 of 2nd period - Shot Misses the Net.
8:20 of 2nd period - Josh Morrissey is hit by Jarred Tinordi and loses puck.
8:29 of 2nd period - Wrist shot by Jonathan Marchessault.
8:29 of 2nd period - Shot Blocked by T.J Brodie.
8:31 of 2nd period - Slapshot by John Ramage.
8:31 of 2nd period - Deflect By Blake Geoffrion.
8:31 of 2nd period - Stopped by Niklas Svedberg with a rebound.
9:04 of 2nd period - Snap shot by Mat Clark.
9:04 of 2nd period - Deflect By Joseph Blandisi.
9:04 of 2nd period - Stopped by Darcy Kuemper without a rebound.
9:05 of 2nd period - Jonathan Marchessault wins face-off versus Lucas Wallmark in Sewer Rats zone.
9:10 of 2nd period - Snap shot by Joseph Blandisi.
9:10 of 2nd period - Stopped by Niklas Svedberg with a rebound.
9:12 of 2nd period - Wrist shot by Joseph Blandisi.
9:12 of 2nd period - Deflect By Jonathan Marchessault.
9:12 of 2nd period - Stopped by Niklas Svedberg with a rebound.
9:14 of 2nd period - Wrist shot by Joseph Blandisi.
9:14 of 2nd period - Stopped by Niklas Svedberg with a rebound.
9:16 of 2nd period - Slapshot by Joel Edmundson.
9:16 of 2nd period - Shot Misses the Net.
9:18 of 2nd period - Slapshot by Joel Edmundson.
9:18 of 2nd period - Stopped by Niklas Svedberg with a rebound.
9:48 of 2nd period - Snap shot by Markus Granlund.
9:48 of 2nd period - Stopped by Darcy Kuemper with a rebound.
10:04 of 2nd period - Minor Penalty to Drake Caggiula for Tripping.
10:05 of 2nd period - Vincent Trocheck wins face-off versus Scott Laughton in Sewer Rats zone.
10:20 of 2nd period - Wrist shot by Nicolas Kerdiles.
10:20 of 2nd period - Shot Misses the Net.
11:11 of 2nd period - John Ramage is hit by Mat Clark and loses puck.
12:04 of 2nd period - Penalty to Drake Caggiula is over, Drake Caggiula is back on ice.
12:24 of 2nd period - Wrist shot by Drake Caggiula.
12:24 of 2nd period - Stopped by Niklas Svedberg without a rebound.
12:25 of 2nd period - Lucas Wallmark wins face-off versus Jonathan Marchessault in Carnivores zone.
12:25 of 2nd period - Lucas Wallmark is hit by Jonathan Racine.
12:55 of 2nd period - Snap shot by Erik Condra.
12:55 of 2nd period - Shot Blocked by Mattias Backman.
12:59 of 2nd period - Wrist shot by Anthony Duclair.
12:59 of 2nd period - Shot Misses the Net.
13:19 of 2nd period - Slapshot by Jarred Tinordi.
13:19 of 2nd period - Deflect By Scott Laughton.
13:19 of 2nd period - Stopped by Niklas Svedberg without a rebound.
13:20 of 2nd period - Scott Laughton wins face-off versus Vincent Trocheck in Carnivores zone.
13:20 of 2nd period - Scott Laughton is hit by Jarred Tinordi.
13:45 of 2nd period - Joel Edmundson is hit by T.J Brodie and loses puck.
14:13 of 2nd period - Wrist shot by Anton Gustafsson.
14:13 of 2nd period - Stopped by Darcy Kuemper with a rebound.
15:04 of 2nd period - Slapshot by Markus Granlund.
15:04 of 2nd period - Stopped by Darcy Kuemper with a rebound.
15:06 of 2nd period - Slapshot by Travis Dermott.
15:06 of 2nd period - Deflect By Markus Granlund.
15:06 of 2nd period - Stopped by Darcy Kuemper without a rebound.
15:07 of 2nd period - Mark McNeill wins face-off versus Anthony Duclair in Sewer Rats zone.
16:24 of 2nd period - Slapshot by Travis Dermott.
16:24 of 2nd period - Stopped by Darcy Kuemper with a rebound.
18:30 of 2nd period - Xavier Ouellet is hit by Mark McNeill and loses puck.
18:49 of 2nd period - Mat Clark is hit by Drake Caggiula and loses puck.
19:17 of 2nd period - Wrist shot by Joel Armia.
19:17 of 2nd period - Shot Misses the Net.
Goals for this period are 1 for Sewer Rats vs 0 for Carnivores.
Shots for this period are 9 for Sewer Rats vs 11 for Carnivores.
3rd period
0:01 of 3rd period - Scott Laughton wins face-off versus Vincent Trocheck in neutral zone.
1:07 of 3rd period - Andreas Englund is hit by Mark Mancari and loses puck.
2:21 of 3rd period - Snap shot by Scott Laughton.
2:21 of 3rd period - Shot Misses the Net.
2:23 of 3rd period - Snap shot by Joel Armia.
2:23 of 3rd period - Shot Misses the Net.
3:15 of 3rd period - Wrist shot by Blake Geoffrion.
3:15 of 3rd period - Stopped by Darcy Kuemper without a rebound.
3:16 of 3rd period - Jonathan Marchessault wins face-off versus Scott Laughton in Sewer Rats zone.
3:16 of 3rd period - Jonathan Marchessault is hit by Joel Armia.
3:32 of 3rd period - Snap shot by Scott Laughton.
3:32 of 3rd period - Shot Misses the Net.
4:29 of 3rd period - Snap shot by Nicolas Kerdiles.
4:29 of 3rd period - Shot Blocked by Connor Carrick.
4:43 of 3rd period - Slapshot by Erik Condra.
4:43 of 3rd period - Stopped by Niklas Svedberg without a rebound.
4:44 of 3rd period - Lucas Wallmark wins face-off versus Jonathan Marchessault in Carnivores zone.
5:09 of 3rd period - Joel Edmundson is hit by Nicolas Kerdiles and loses puck.
5:38 of 3rd period - Wrist shot by Blake Geoffrion.
5:38 of 3rd period - Shot Blocked by Ryan Murphy.
5:40 of 3rd period - Wrist shot by Mark McNeill.
5:40 of 3rd period - Shot Misses the Net.
5:52 of 3rd period - Wrist shot by John Ramage.
5:52 of 3rd period - Stopped by Niklas Svedberg without a rebound.
5:53 of 3rd period - Nicolas Deslauriers wins face-off versus Vincent Trocheck in Carnivores zone.
6:02 of 3rd period - Snap shot by Anton Gustafsson.
6:02 of 3rd period - Stopped by Darcy Kuemper with a rebound.
6:18 of 3rd period - T.J Brodie is hit by Jarred Tinordi and loses puck.
6:23 of 3rd period - Slapshot by Thomas Chabot.
6:23 of 3rd period - Shot Blocked by T.J Brodie.
6:27 of 3rd period - Snap shot by Dmitrij Jaskin.
6:27 of 3rd period - Shot Misses the Net.
7:18 of 3rd period - Wrist shot by Anthony Duclair.
7:18 of 3rd period - Stopped by Niklas Svedberg without a rebound.
7:19 of 3rd period - Lucas Wallmark wins face-off versus Drake Caggiula in Carnivores zone.
7:32 of 3rd period - Snap shot by Dmitrij Jaskin.
7:32 of 3rd period - Shot Misses the Net.
7:34 of 3rd period - Snap shot by Drake Caggiula.
7:34 of 3rd period - Shot Misses the Net.
8:06 of 3rd period - Mark Mancari is hit by Markus Granlund.
8:07 of 3rd period - Icing by Mark Mancari.
8:08 of 3rd period - Markus Granlund wins face-off versus Vincent Trocheck in Sewer Rats zone.
8:15 of 3rd period - Slapshot by Joel Edmundson.
8:15 of 3rd period - Deflect By Vincent Trocheck.
8:15 of 3rd period - Shot Misses the Net.
8:15 of 3rd period - Puck is out of play.
8:16 of 3rd period - Vincent Trocheck wins face-off versus Scott Laughton in Carnivores zone.
8:27 of 3rd period - Snap shot by Mark Mancari.
8:27 of 3rd period - Shot Misses the Net.
8:48 of 3rd period - Snap shot by Joseph Blandisi.
8:48 of 3rd period - Stopped by Niklas Svedberg without a rebound.
8:49 of 3rd period - Blake Geoffrion wins face-off versus Jonathan Marchessault in Carnivores zone.
8:49 of 3rd period - Blake Geoffrion is hit by Jonathan Marchessault.
8:59 of 3rd period - Snap shot by Mark McNeill.
8:59 of 3rd period - Shot Misses the Net.
9:01 of 3rd period - Slapshot by Markus Granlund.
9:01 of 3rd period - Goal by Markus Granlund - Sewer Rats : 3 - Carnivores : 4.
9:02 of 3rd period - Scott Laughton wins face-off versus Vincent Trocheck in neutral zone.
9:33 of 3rd period - Icing by T.J Brodie.
9:34 of 3rd period - Jonathan Marchessault wins face-off versus Blake Geoffrion in Carnivores zone.
9:49 of 3rd period - T.J Brodie is hit by Jonathan Marchessault and loses puck.
10:04 of 3rd period - Slapshot by Markus Granlund.
10:04 of 3rd period - Shot Misses the Net.
10:44 of 3rd period - Wrist shot by Markus Granlund.
10:44 of 3rd period - Shot Hit the Post.
10:46 of 3rd period - Slapshot by Josh Morrissey.
10:46 of 3rd period - Stopped by Darcy Kuemper with a rebound.
10:48 of 3rd period - Slapshot by T.J Brodie.
10:48 of 3rd period - Shot Blocked by Joseph Blandisi.
10:50 of 3rd period - Wrist shot by Mark McNeill.
10:50 of 3rd period - Shot Misses the Net.
10:52 of 3rd period - Wrist shot by Markus Granlund.
10:52 of 3rd period - Shot Blocked by Erik Condra.
10:56 of 3rd period - Wrist shot by Markus Granlund.
10:56 of 3rd period - Stopped by Darcy Kuemper without a rebound.
10:57 of 3rd period - Vincent Trocheck wins face-off versus Scott Laughton in Sewer Rats zone.
11:05 of 3rd period - Off-side.
11:06 of 3rd period - Vincent Trocheck wins face-off versus Scott Laughton in neutral zone.
11:09 of 3rd period - Snap shot by Vincent Trocheck.
11:09 of 3rd period - Stopped by Niklas Svedberg without a rebound.
11:10 of 3rd period - Scott Laughton wins face-off versus Daniel Carr in Carnivores zone.
11:15 of 3rd period - Slapshot by Travis Dermott.
11:15 of 3rd period - Stopped by Darcy Kuemper with a rebound.
11:35 of 3rd period - Dmitrij Jaskin is hit by Anton Gustafsson and loses puck.
11:56 of 3rd period - Slapshot by Joel Edmundson.
11:56 of 3rd period - Stopped by Niklas Svedberg without a rebound.
11:57 of 3rd period - Zach Aston-Reese wins face-off versus Lucas Wallmark in Carnivores zone.
12:06 of 3rd period - Snap shot by Daniel Carr.
12:06 of 3rd period - Deflect By Lucas Wallmark.
12:06 of 3rd period - Stopped by Niklas Svedberg with a rebound.
12:32 of 3rd period - Wrist shot by Nicolas Kerdiles.
12:32 of 3rd period - Shot Misses the Net.
12:52 of 3rd period - Slapshot by Anthony Duclair.
12:52 of 3rd period - Shot Blocked by Blake Geoffrion.
13:47 of 3rd period - Connor Carrick is hit by Nicolas Kerdiles and loses puck.
14:08 of 3rd period - Wrist shot by Blake Geoffrion.
14:08 of 3rd period - Shot Misses the Net.
14:13 of 3rd period - Snap shot by Mat Clark.
14:13 of 3rd period - Shot Blocked by Vincent Trocheck.
14:15 of 3rd period - Slapshot by Mat Clark.
14:15 of 3rd period - Stopped by Darcy Kuemper with a rebound.
14:31 of 3rd period - Slapshot by Anton Gustafsson.
14:31 of 3rd period - Shot Blocked by Xavier Ouellet.
14:49 of 3rd period - Icing by Brett Connolly.
14:50 of 3rd period - Lucas Wallmark wins face-off versus Jonathan Marchessault in Carnivores zone.
15:09 of 3rd period - Snap shot by Lucas Wallmark.
15:09 of 3rd period - Goal by Lucas Wallmark - Sewer Rats : 3 - Carnivores : 5.
15:10 of 3rd period - Scott Laughton wins face-off versus Jonathan Marchessault in neutral zone.
15:36 of 3rd period - T.J Brodie is hit by Drake Caggiula and loses puck.
15:45 of 3rd period - Nicolas Kerdiles is hit by Anthony Duclair and loses puck.
16:02 of 3rd period - T.J Brodie is hit by Daniel Carr and loses puck.
16:43 of 3rd period - Mat Clark is hit by Erik Condra.
17:35 of 3rd period - Snap shot by Joel Armia.
17:35 of 3rd period - Shot Blocked by Jarred Tinordi.
18:20 of 3rd period - Icing by Nicolas Deslauriers.
18:21 of 3rd period - Markus Granlund wins face-off versus Jared McCann in Carnivores zone.
18:36 of 3rd period - Slapshot by Ryan Murphy.
18:36 of 3rd period - Shot Misses the Net.
18:38 of 3rd period - Snap shot by Mark Mancari.
18:38 of 3rd period - Shot Misses the Net.
18:40 of 3rd period - Slapshot by John Ramage.
18:40 of 3rd period - Stopped by Niklas Svedberg without a rebound.
18:41 of 3rd period - Anton Gustafsson wins face-off versus Vincent Trocheck in Carnivores zone.
18:56 of 3rd period - Vincent Trocheck is hit by Chris Lawrence and loses puck.
Goals for this period are 0 for Sewer Rats vs 2 for Carnivores.
Shots for this period are 8 for Sewer Rats vs 8 for Carnivores.